 Dungeon Crawl Stone Soup version 0.28.0-53-g5a82cb258f (webtiles) character file.

Game seed: 11781403558456395737

17 Gabide the Skirmisher (level 2, 0/24 HPs)
             Began as a Mummy Monk on June 3, 2022.
             Slain by a kobold
             ... wielding a +0 short sword
              (1 damage)
             ... on level 1 of the Dungeon.
             The game lasted 00:01:02 (979 turns).

Gabide the Skirmisher (Mummy Monk)                   Turns: 979, Time: 00:01:03

Health: 0/24       AC:  2    Str: 14    XL:     2   Next: 44%
Magic:  2/2        EV: 12    Int:  9    God:
Gold:   38         SH:  0    Dex: 14    Spells: 1/1 levels left

rFire   . . .      SeeInvis .     - Unarmed
rCold   + . .      Faith    .   (no shield)
rNeg    + + +      Spirit   .   a - +0 robe
rPois   ∞          Reflect  .   (no helmet)
rElec   .          Harm     .   (no cloak)
rCorr   .          Rampage  .   (no gloves)
Will    .....                   (no boots)
Stlth   ++........              (no amulet)
HPRegen 0.08/turn               b - ring of protection from fire
MPRegen 0.08/turn               (no ring)

@: no status effects
A: cold resistance 1, negative energy resistance 3, torment resistance 2, heat
vulnerability 1, no potions
a: no special abilities


You were on level 1 of the Dungeon.
You visited 1 branch of the dungeon, and saw 1 of its levels.

You collected 38 gold pieces.

Inventory:

Armour
 a - a +0 robe (worn)
Jewellery
 b - a ring of protection from fire (left hand)


   Skills:
 + Level 3.3 Fighting
 + Level 2.7 Dodging
 - Level 1.5 Stealth
 + Level 2.7 Unarmed Combat


You had one spell level left.
You didn't know any spells.
Your spell library contained the following spells:

 Spells                   Type           Power      Damage    Failure   Level
 Stone Arrow              Conj/Erth      0%         3d7       77%         3
 Animate Armour           Summ/Erth      0%         N/A       99%         4
 Lehudib's Crystal Spear  Conj/Erth      0%         10d2      100%        8


Dungeon Overview and Level Annotations

Branches:
Dungeon (1/15)

Altars:

Shops:
D:1 :


Innate Abilities, Weirdness & Mutations

You are immune to poison.
Your flesh is cold resistant. (rC+)
You are immune to negative energy. (rN+++)
You are immune to unholy pain and torment.
You are vulnerable to heat. (rF-)
You do not drink.


Message History

You are too injured to fight recklessly!
You are too injured to fight recklessly!
You are too injured to fight recklessly!
You hit the endoplasm.
You kill the endoplasm!
The kobold hits you with a +0 short sword.
You barely miss the kobold. The kobold misses you.
You hit the kobold.
The kobold is moderately wounded.
The kobold hits you with a +0 short sword.
You closely miss the kobold.
The kobold is moderately wounded.
The kobold hits you with a +0 short sword.
* * * LOW HITPOINT WARNING * * *
You hit the kobold but do no damage.
The kobold is moderately wounded.
The kobold hits you with a +0 short sword.
* * * LOW HITPOINT WARNING * * *
You hit the kobold.
The kobold is heavily wounded.
The kobold hits you with a +0 short sword.
* * * LOW HITPOINT WARNING * * *
The kobold throws a stone.
The stone barely misses you.
The kobold throws a stone.
The stone barely misses you.
As you read the scroll labelled BOUNOA CEGO, it crumbles to dust.
You hear a loud clanging noise!
It was a scroll of noise.
The kobold throws a stone.
The stone closely misses you. The kobold completely misses you.
You closely miss the kobold.
The kobold is moderately wounded.
The kobold hits you but does no damage.
You barely miss the kobold. Your punch misses the kobold.
The kobold is moderately wounded.
The kobold hits you with a +0 short sword.
* * * LOW HITPOINT WARNING * * *
You barely miss the kobold.
The kobold is moderately wounded.
The kobold hits you with a +0 short sword.
You die...

###### .....
.....$..#####
... .......#
... ......#
... .....# #.#
#....#
#.#####....# #
#.#..@K>...# #
##.#.###....#
..# ##..>.#
#....# #.#
###...###
#....#
#.######...#.#
#....#
#........###.#
###.##
###.)##### #.#
.# #...)....#
#.# .#
#.######.# ..#


You could see a kobold.

Vanquished Creatures
  3 endoplasms (D:1)
  A giant cockroach (D:1)
  A hobgoblin (D:1)
  2 kobolds (D:1)
  2 quokkas (D:1)
  A ball python (D:1)
  2 frilled lizards (D:1)
  A goblin (D:1)
  4 rats (D:1)
17 creatures vanquished.

Notes
Turn   | Place    | Note
-------+----------+-------------------------------------------
     0 | D:1      | Gabide the Mummy Monk began the quest for the Orb.
     0 | D:1      | Reached XP level 1. HP: 18/18 MP: 1/1
   561 | D:1      | Found Omolaimo's Book Shop.
   585 | D:1      | Reached XP level 2. HP: 7/24 MP: 2/2
   970 | D:1      | HP: 1/24 [kobold/+0 short sword (1)]
   978 | D:1      | HP: 1/24 [kobold/+0 short sword (1)]
   979 | D:1      | Slain by a kobold

Illustrated notes

Levels and vault maps discovered:
D:1:      dpeg_arrival_water_temple_mockup, layout_rooms, serial_shops,
          nicolae_shop_window_shopping, serial_bayou_pond_d, grunt_decor_cap

Action                   || total
-------------------------++-------
Melee: Unarmed           ||    80
       Punch             ||     3
  Use: Scroll            ||     1
 Stab: Sleeping          ||     2
Armor: Robe              ||    14
Dodge: Dodged            ||    42
